 Dungeon Crawl Stone Soup version 0.22-a0-196-gee22f27 (webtiles) character file.

79 b5mith the Poker (level 4, 0/35 HPs)
             Began as a Human Berserker on Feb 16, 2018.
             Was a Believer of Trog.
             Slain by a gnoll
             ... wielding a +0 whip
              (7 damage)
             ... on level 2 of the Dungeon.
             The game lasted 00:05:39 (2042 turns).

b5mith the Poker (Human Berserker)                  Turns: 2042, Time: 00:05:40

Health: 0/35       AC:  2    Str: 18    XL:     4   Next: 62%
Magic:  4/4        EV: 13    Int:  8    God:    Trog [**....]
Gold:   86         SH:  0    Dex: 12    Spells: 3/3 levels left

rFire    . . .     SeeInvis .   a - +0 spear
rCold    . . .     Gourm    .   (no shield)
rNeg     . . .     Faith    .   b - +0 animal skin
rPois    .         Spirit   .   (no helmet)
rElec    .         Reflect  .   (no cloak)
rCorr    .         Harm     .   (no gloves)
MR       ++...                  (no boots)
Stlth    +.........             (no amulet)
HPRegen  1.11/turn              (no ring)
MPRegen  0.09/turn              (no ring)

@: regenerating
A: no striking features
a: Berserk, Trog's Hand, Burn Spellbooks, Renounce Religion


You were on level 2 of the Dungeon.
You worshipped Trog.
Trog was pleased with you.
You were not hungry.

You visited 1 branch of the dungeon, and saw 2 of its levels.

You collected 86 gold pieces.

Inventory:

Hand Weapons
 a - a +0 spear (weapon)
 f - a -2 dagger
Missiles
 l - 45 stones (quivered)
Armour
 b - a +0 animal skin (worn)
 n - a cursed +0 ring mail
Jewellery
 o - an uncursed ring of resist corrosion {unknown}
Scrolls
 e - a scroll of fear {unknown}
 g - 2 scrolls of identify {unknown}
 h - a scroll of fog {unknown}
 i - 4 scrolls of enchant weapon {unknown}
 m - 2 scrolls of amnesia {unknown}
Potions
 d - a potion of curing {unknown}
 j - a potion of might {unknown}
Comestibles
 c - 3 rations
 k - a chunk of flesh


   Skills:
 + Level 3.5 Fighting
 + Level 3.6 Polearms
 + Level 2.8 Armour
 + Level 2.8 Dodging


You had 3 spell levels left.
You didn't know any spells.

Dungeon Overview and Level Annotations

Branches:
Dungeon (2/15)

Altars:


Message History

You hit the gnoll.
The gnoll is heavily wounded.
The gnoll hits you with a whip.
* * * LOW HITPOINT WARNING * * *
You closely miss the gnoll.
The gnoll is moderately wounded.
The gnoll hits you with a whip!
* * * LOW HITPOINT WARNING * * *
You don't know any spells.
Your skin crawls.
You feel resistant to hostile enchantments.
You feel somewhat more hungry. The gnoll hits you with a whip.
* * * LOW HITPOINT WARNING * * *
You hit the gnoll.
The gnoll is heavily wounded.
The gnoll barely misses you.
You completely miss the gnoll.
The gnoll is heavily wounded.
The gnoll hits you with a whip!
You die...

#...........#....# #...##..
#...........#....#####...##.#
#########...........##...##..
#...........##...####
#....g.g.............
#......g.....########
####.........#.......
#####...##.#.######
#.@ggg.......# #.
#.##########'### #. #.#
#....# #. #.#########....# #.
#..<......#....###.
######.........##.....#.
#..............######.#.
#........#........# #)##
#........#.######.###)##


You could see 3 gnolls.

Vanquished Creatures
  A gnoll (D:2)
  2 adders (D:2)
  A worm (D:2)
  A leopard gecko (D:1)
  4 bats
  4 hobgoblins (D:1)
  10 jackals
  6 frilled lizards
  6 goblins
  4 kobolds
  7 rats
46 creatures vanquished.

Notes
Turn   | Place    | Note
-------+----------+-------------------------------------------
     0 | D:1      | b5mith the Human Berserker began the quest for the Orb.
     0 | D:1      | Reached XP level 1. HP: 18/18 MP: 1/1
    72 | D:1      | Reached XP level 2. HP: 24/24 MP: 2/2
   992 | D:1      | Reached XP level 3. HP: 29/29 MP: 3/3
  1450 | D:2      | Reached XP level 4. HP: 27/35 MP: 4/4
  1512 | D:2      | Reached ** piety under Trog
  2042 | D:2      | Slain by a gnoll

Vault maps used:
D:1:      sevenhm_arrival_forest_fort_small_3

Action                   |  1- 3 |  4- 6 || total
-------------------------+-------+-------++-------
Melee: Spear             |    75 |    73 ||   148
       Dagger            |    68 |       ||    68
Throw: Stone             |       |     7 ||     7
Invok: Trog's Hand       |       |     1 ||     1
  Use: Scroll            |     1 |       ||     1
 Stab: Sleeping          |     2 |       ||     2
  Eat: Chunk             |     2 |     2 ||     4
Armor: Animal skin       |    15 |    11 ||    26
Dodge: Dodged            |    91 |    38 ||   129

Table legend:
 A = Spawn XP
 B = Non-spawn XP
 C = Spawn XP percentage of total XP
 D = Spawn monster count
 E = Non-spawn monster count
 F = Spawn count percentage of total count
 G = Total turns spent on level
                    A         B        C        D         E        F      G
               +---------+---------+-------+---------+---------+-------+---------
         Total |       0 |     113 |   0.0 |       0 |      46 |   0.0 |  2042
               +---------+---------+-------+---------+---------+-------+---------
           D:1 |       0 |      37 |   0.0 |       0 |      22 |   0.0 |  1337
           D:2 |       0 |      76 |   0.0 |       0 |      24 |   0.0 |   705
               +---------+---------+-------+---------+---------+-------+---------
